 Dungeon Crawl Stone Soup version 0.30-a0-862-g1aabd4f (webtiles) character file.

Game seed: 13989360941615686763

1527 Nithhogg the Cleaver (level 8, -7/75 HPs)
             Began as a Hill Orc Fighter on Mar 9, 2023.
             Was a Believer of Zin.
             Mangled by Joseph
             ... wielding a +0 quarterstaff
              (10 damage)
             ... on level 7 of the Dungeon.
             The game lasted 00:14:50 (6995 turns).

Nithhogg the Cleaver (Hill Orc Fighter)             Turns: 6995, Time: 00:14:51

Health: -7/75      AC: 15    Str: 21    XL:     8   Next: 85%
Magic:  8/8        EV:  6    Int:  8    God:    Zin [**....]
Gold:   350        SH:  0    Dex: 10    Spells: 7/7 levels left

rFire   . . .      SeeInvis .    a - +0 war axe
rCold   . . .      Faith    .    k - orb {mayhem}
rNeg    . . .      Spirit   .    d - +1 plate armour
rPois   .          Reflect  .    (no helmet)
rElec   +          Rampage  .    (no cloak)
rCorr   .                        t - +0 pair of gloves
Will    .....                    (no boots) Stlth
                                 (no amulet)
HPRegen 0.32/turn                (no ring)
MPRegen 0.11/turn                (no ring)

@: attractive, flying
A: electricity resistance
a: Renounce Religion, Recite, Vitalisation, Donate Gold


You were on level 7 of the Dungeon.
You worshipped Zin.
Zin was pleased with you.
You visited 2 branches of the dungeon, and saw 8 of its levels.
You also visited: Sewer.

You collected 389 gold pieces.
You spent 1 gold pieces at shops.
You donated 38 gold pieces to Zin.

Inventory:

Hand Weapons
 a - a +0 war axe (weapon)
 C - a -2 executioner's axe
Missiles
 v - 2 throwing nets (quivered)
Armour
 b - a +0 scale mail
 c - a +0 buckler
 d - a +1 plate armour (worn)
 k - an orb of mayhem (worn)
 t - a +0 pair of gloves (worn)
Wands
 A - a wand of charming (11)
 B - a wand of acid (10)
Scrolls
 e - 2 scrolls of fog
 f - 2 scrolls of amnesia
 h - 4 scrolls of torment
 l - 3 scrolls of identify
 o - 4 scrolls of noise
 w - a scroll of magic mapping
 x - a scroll of enchant armour
 y - 3 scrolls of enchant weapon {unknown}
 D - a scroll of fear {unknown}
Potions
 i - 3 potions of flight
 m - 3 potions of lignification
 p - 5 potions of attraction
 q - a potion of invisibility {unknown}
 s - a potion of heal wounds {unknown}
 u - a potion of degeneration {unknown}
 z - a potion of haste {unknown}


   Skills:
 + Level 8.3 Fighting
 + Level 8.5 Axes
 + Level 7.5 Armour
 - Level 3.2 Shields
 + Level 0.0 Invocations


You had 7 spell levels left.
You didn't know any spells.
Your spell library contained the following spells:

 Spells                   Type           Power      Damage    Failure   Level
 Ignite Poison            Fire/Tmut/Pois 0%         N/A       100%        3
 Kindle Blastsparks       Fire/Tloc/Air  0%         2d10      100%        3
 Freezing Cloud           Conj/Ice/Air   0%         6-21      100%        5


Dungeon Overview and Level Annotations

Branches:
Dungeon (7/15)             Temple (1/1) D:6           Sewer (visited)

Altars:
Ashenzari
Cheibriados
Dithmenos
Elyvilon
Fedhas
Gozag
Hepliaklqana
Kikubaaqudgha
Makhleb
Nemelex Xobeh
Okawaru
Qazlal
Ru
Sif Muna
Trog
Uskayaw
Vehumet
Wu Jian
Xom
Yredelemnul
Zin

Shops:
D:7 *

Annotations:
D:7 Joseph


Innate Abilities, Weirdness & Mutations

You are resistant to electric shocks. (rElec)


Message History

Joseph barely misses you.
It was a potion of magic.
Magic courses through your body. Joseph hits you with a +0 quarterstaff.
* * * LOW HITPOINT WARNING * * *
It was a potion of flight.
You feel very buoyant.
You fly up into the air.
Joseph hits you with a +0 quarterstaff!
* * * LOW HITPOINT WARNING * * *
It was a potion of curing.
You feel better. Joseph hits you but does no damage.
You feel better. Joseph hits you with a +0 quarterstaff.
* * * LOW HITPOINT WARNING * * *
It was a potion of attraction.
You feel attractive to monsters. Joseph hits you but does no damage.
You slash Joseph!
Joseph is severely wounded.
Joseph hits you with a +0 quarterstaff.
* * * LOW HITPOINT WARNING * * *
You slash Joseph!
Joseph is severely wounded.
Joseph barely misses you.
You slash Joseph!
Joseph is almost dead.
Joseph hits you with a +0 quarterstaff.
* * * LOW HITPOINT WARNING * * *
You barely miss Joseph.
Joseph is almost dead.
Joseph hits you with a +0 quarterstaff.
* * * LOW HITPOINT WARNING * * *
You hit Joseph.
Joseph is almost dead.
Joseph hits you with a +0 quarterstaff.
* * * LOW HITPOINT WARNING * * *
Press: ? - help, v - describe, . - travel The floor, spattered with blood.
Unknown command.
As you read the scroll labelled IPHISK SU YPHI, it crumbles to dust.
You feel aware of your surroundings.
It was a scroll of magic mapping.
Joseph hits you with a +0 quarterstaff!
You die...

#,#.#*,*
####.##
#.#..*,*
#°#
*.#.##,*
#.#
*,...,,*
#§#
**#.#***
#☼#
#.######
#§#
#......#
#☼#
######.#
#§#
#.####@#
#.°.☼@○#
#§######
###


You could see Joseph.

Vanquished Creatures
  A steam dragon (D:5)
  A water moccasin (D:6)
  An ogre (D:5)
  2 ice beasts (D:6)
  A phantom (D:5)
  2 kobold brigands (Sewer)
  A scorpion (D:5)
  3 hounds
  A jelly (D:5)
  A gnoll bouda (D:6)
  2 sleepcaps
  3 orc wizards (D:5)
  9 gnolls
  9 adders
  3 river rats (Sewer)
  A shadow imp (D:6)
  A white imp (D:5)
  An ufetubus (D:4)
  3 worms
  2 dart slugs (D:1)
  11 orcs
  11 ball pythons
  10 endoplasms
  4 giant cockroaches (D:3)
  5 hobgoblins
  5 jackals (D:4)
  7 quokkas
  5 bats
  5 frilled lizards
  8 goblins
  6 kobolds
  11 rats
136 creatures vanquished.

Vanquished Creatures (collateral kills)
  A gnoll bouda (D:5)
  2 hounds (D:5)
  An orc wizard (D:3)
  A gnoll (D:5)
  2 orcs (D:3)
  2 goblins (D:2)
  A rat (D:2)
10 creatures vanquished.

Vanquished Creatures (others)
  A gnoll (D:6)
  A jackal (D:4)
2 creatures vanquished.

Grand Total: 148 creatures vanquished

Notes
Turn   | Place    | Note
-------+----------+-------------------------------------------
     0 | D:1      | Nithhogg the Hill Orc Fighter began the quest for the Orb.
     0 | D:1      | Reached XP level 1. HP: 19/19 MP: 1/1
   180 | D:1      | Reached XP level 2. HP: 27/27 MP: 2/2
   442 | D:1      | Reached XP level 3. HP: 27/33 MP: 3/3
   497 | D:1      | HP: 2/49 [poisoned by a goblin]
  1345 | D:3      | Found an opulent altar of Gozag.
  1390 | D:3      | Found a glowing drain.
  1396 | D:3      | Reached XP level 4. HP: 31/41 MP: 4/4
  1405 | Sewer    | Entered a sewer
  1583 | Sewer    | Gained mutation: You are resistant to electric shocks.
                  | (rElec) [potion of mutation]
  1893 | Sewer    | Noticed a kobold brigand
  1911 | Sewer    | Killed a kobold brigand
  1912 | Sewer    | Reached skill level 5 in Fighting
  1912 | Sewer    | Reached XP level 5. HP: 31/48 MP: 5/5
  2047 | Sewer    | Noticed a kobold brigand
  2055 | Sewer    | Killed a kobold brigand
  2056 | Sewer    | Reached skill level 5 in Axes
  2056 | Sewer    | Reached skill level 5 in Armour
  2056 | Sewer    | Reached XP level 6. HP: 44/56 MP: 6/6
  2653 | D:3      | Found a hazy altar of Hepliaklqana.
  2655 | D:3      | Found a shimmering altar of Xom.
  2656 | D:3      | Noticed a spectral ugly thing
  3853 | D:4      | Reached XP level 7. HP: 63/63 MP: 7/7
  4288 | D:5      | Entered Level 5 of the Dungeon
  4419 | D:5      | Noticed a steam dragon
  5144 | D:5      | Reached XP level 8. HP: 63/73 MP: 8/8
  6055 | D:6      | Found a white marble altar of Elyvilon.
  6056 | D:6      | Found a blossoming altar of Fedhas.
  6057 | D:6      | Found a sparkling altar of Nemelex Xobeh.
  6057 | D:6      | Found an ancient bone altar of Kikubaaqudgha.
  6058 | D:6      | Found a shimmering blue altar of Sif Muna.
  6058 | D:6      | Found a sacrificial altar of Ru.
  6638 | D:6      | Found a staircase to the Ecumenical Temple.
  6718 | Temple   | Entered the Ecumenical Temple
  6877 | Temple   | Became a worshipper of Zin the Law-Giver
  6877 | Temple   | Reached * piety under Zin
  6917 | D:7      | Found Pabriuf's Lightly-Used Armoury.
  6921 | D:7      | Bought a -2 executioner's axe for 1 gold piece
  6942 | D:7      | Reached ** piety under Zin
  6949 | D:7      | Noticed Joseph
  6994 | D:7      | HP: 3/75 [Joseph/+0 quarterstaff (5)]
  6995 | D:7      | Mangled by Joseph

Illustrated notes

Levels and vault maps discovered:
D:1:      dpeg_arrival_line_fractal, layout_loops_ring, minmay_tromino_i2
D:2:      layout_rooms
D:3:      layout_basic, regret_index_temple_of_mockery,
          overflow_temple_1_default, gup_sewer_entry_pipe, skrybe_limestone_x
D:4:      layout_basic
D:5:      layout_basic, minmay_circle_x
D:6:      layout_cave_pools, grunt_temple_overflow_open, temple_statues
D:7:      layout_basic, minmay_shop_damaged, st_stairs_13, uniq_joseph
Temple:   hellmonk_temple_flake

Skill      XL: |  1  2  3  4  5  6  7  8 |
---------------+-------------------------+-----
Axes           | 3 4 5 7 8 |  8.5
Fighting       | 4 5 6 7 8 |  8.3
Armour         | 4 5 6 7 |  7.5
Shields        | |  3.2

Action                     |  1- 3 |  4- 6 |  7- 9 || total
---------------------------+-------+-------+-------++-------
  Melee: War axe           |   122 |   194 |   181 ||   497
  Throw: Throwing net      |       |       |     2 ||     2
    Use: Potion            |     2 |     2 |     7 ||    11
         Scroll            |       |     2 |     9 ||    11
   Stab: Distracted        |     1 |     1 |       ||     2
 Armour: Scale mail        |    57 |    43 |       ||   100
         Skin              |       |     7 |       ||     7
         Plate armour      |       |    78 |   171 ||   249
  Dodge: Dodged            |    62 |    71 |    72 ||   205

Table legend: (Time is in decaauts)
 A = Elapsed time spent in this place.
 B = Non-inter-level travel time spent in this place.
 C = Inter-level travel time spent in this place.
 D = Time resting spent in this place.
 E = Time spent auto-exploring this place.
 F = Levels seen in this place.
 G = Mean time per level.
                   A        B        C        D        E       F      G
               +--------+--------+--------+--------+--------+-----+--------+
         Total |   7181 |   6970 |    211 |    941 |   4778 |   9 |  797.9 |
       Dungeon |   6011 |   5830 |    181 |    800 |   4024 |   7 |  858.7 |
        Temple |    172 |    143 |     29 |      0 |    127 |   1 |  172.0 |
         Sewer |    996 |    996 |      0 |    141 |    626 |   1 |  996.0 |
               +--------+--------+--------+--------+--------+-----+--------+

Top non-repeatable levels by time:
     D:5: 1575 daAuts
     D:4: 1159 daAuts
     D:3: 1032 daAuts
   Sewer: 996 daAuts
     D:1: 935 daAuts
     D:6: 795 daAuts
     D:2: 435 daAuts
  Temple: 172 daAuts
     D:7: 79 daAuts
